 Dungeon Crawl Stone Soup version 0.19.5 (webtiles) character file.

647 Rrauwl the Skirmisher (level 7, -7/61 HPs)
             Began as a Hill Orc Fighter on Mar 6, 2017.
             Mangled by a gnoll
             ... wielding a +0 spear
              (8 damage)
             ... on level 5 of the Dungeon.
             The game lasted 00:21:12 (3448 turns).

Rrauwl the Skirmisher (Hill Orc Fighter)            Turns: 3448, Time: 00:21:12

Health: -7/61      AC:  8    Str: 19    XL:     7   Next: 52%
Magic:  7/7        EV: 10    Int: 10    God:
Gold:   173        SH:  9    Dex: 10    Spells: 0 memorised, 6 levels left

rFire  . . .     SeeInvis .     a - +0 war axe
rCold  . . .     Gourm    .     o - +2 animal skin
rNeg   . . .     Faith    .     c - +0 shield
rPois  .         Spirit   .     s - +0 helmet
rElec  .         Reflect  .     p - +0 cloak
rCorr  .         Harm     .     n - +0 pair of gloves
MR     .....                    (no boots)
Stlth  +.........               (no amulet)
                                (no ring)
                                (no ring)

@: no status effects
A: no striking features
a: no special abilities


You were on level 5 of the Dungeon.
You were not hungry.

You visited 1 branch of the dungeon, and saw 5 of its levels.

You collected 173 gold pieces.

Inventory:

Hand Weapons
 a - a +0 war axe (weapon)
Missiles
 m - 4 tomahawks (quivered)
Armour
 c - a +0 shield (worn)
 n - a +0 pair of gloves (worn)
 o - a +2 animal skin (worn)
 p - a +0 cloak (worn)
 s - a +0 helmet (worn)
Wands
 j - a wand of flame (21/48)
 r - a wand of teleportation (4/9)
Scrolls
 e - a scroll of amnesia
 i - 2 scrolls of identify
 k - a scroll of remove curse
Potions
 l - 2 potions of resistance
Comestibles
 d - 2 fruits
 f - 4 bread rations
 g - 2 meat rations
 h - 7 chunks of flesh


   Skills:
 + Level 5.6 Fighting
 + Level 5.3 Axes
 - Level 1.0 Throwing
 + Level 5.1 Armour
 - Level 2.0 Dodging
 - Level 1.0 Stealth
 + Level 4.6 Shields
 + Level 1.1 Evocations


You had 6 spell levels left.
You didn't know any spells.

Dungeon Overview and Level Annotations

Branches:
Dungeon (5/15)
 Temple: D:4-7

Altars:
Cheibriados
Elyvilon
Gozag
Hepliaklqana
Kikubaaqudgha
Trog

Shops:
D:4 *


Message History

You block the gnoll's attack. You block the gnoll's attack.
You see here a halberd.
You hit the gnoll but do no damage. The gnoll hits you with a spear!
Your shield prevents you from hitting the gnoll.
The gnoll hits you with a spear!
* * * LOW HITPOINT WARNING * * *
You block the gnoll's attack.
You closely miss the gnoll. The gnoll barely misses you.
You barely miss the gnoll. The gnoll barely misses you.
The gnoll hits you with a spear.
* * * LOW HITPOINT WARNING * * *
You closely miss the gnoll. The gnoll hits you but does no damage.
You barely miss the gnoll. The gnoll misses you.
You hit the gnoll.
The gnoll is moderately wounded.
The gnoll hits you with a spear!
* * * LOW HITPOINT WARNING * * *
The gnoll hits you with a spear!
You die...

...###.###.## #.# ....[..#
#.# #.# ..###.## #.# #.#
#.###.# ##'## #.#
......###...## #.#
#.######.....## ###.###
..# ##.......## ##.....#
..####.........####......#
.....+.........'@g.......#
..####.........####......#
..# ##.......## ##.....#
#.# ##.....## #.##### ..#
##...## #.# ## ##+## #)#
#g# #.# #.#


You could see a gnoll.

Vanquished Creatures
  The ghost of sreda the Conjurer, an amateur NaWz (D:3)
  A phantom (D:5)
  A howler monkey (D:3)
  A hound (D:4)
  Crazy Yiuf (D:3)
  A jelly (D:5)
  An iguana (D:4)
  Natasha (D:2)
  3 worker ants
  A hound skeleton (D:5)
  Robin (D:4)
  3 gnolls (D:5)
  6 adders
  A shadow imp (D:5)
  An ooze (D:4)
  3 worms
  2 dart slugs
  3 leopard geckos
  3 orcs (D:5)
  4 bats
  4 giant cockroaches
  11 hobgoblins
  6 jackals
  10 kobolds
  2 quokkas (D:3)
  6 frilled lizards
  21 goblins
  10 rats
109 creatures vanquished.

Notes
Turn   | Place    | Note
-------+----------+-------------------------------------------
     0 | D:1      | Rrauwl the Hill Orc Fighter began the quest for the Orb.
     0 | D:1      | Reached XP level 1. HP: 19/19 MP: 1/1
    94 | D:1      | Reached XP level 2. HP: 18/27 MP: 2/2
   425 | D:1      | Reached skill level 1 in Dodging
   458 | D:1      | Reached XP level 3. HP: 19/33 MP: 3/3
  1045 | D:2      | Found a bloodstained altar of Trog.
  1325 | D:2      | Noticed Natasha
  1325 | D:2      | Found a white marble altar of Elyvilon.
  1360 | D:2      | Killed Natasha
  1360 | D:2      | Reached XP level 4. HP: 15/41 MP: 4/4
  1850 | D:2      | Found an ancient bone altar of Kikubaaqudgha.
  2104 | D:3      | Noticed sreda's ghost (amateur NaWz)
  2118 | D:3      | Reached XP level 5. HP: 47/47 MP: 5/5
  2141 | D:3      | Killed sreda's ghost
  2141 | D:3      | Reached skill level 1 in Throwing
  2254 | D:3      | Found a hazy altar of Hepliaklqana.
  2288 | D:3      | Found a snail-covered altar of Cheibriados.
  2330 | D:3      | Found a runed door.
  2335 | D:3      | Noticed Crazy Yiuf
  2340 | D:3      | Killed Crazy Yiuf
  2340 | D:3      | Reached XP level 6. HP: 47/55 MP: 6/6
  2606 | D:4      | Reached skill level 5 in Fighting
  2850 | D:4      | Found an opulent altar of Gozag.
  2854 | D:4      | Found Gozag's Platinum Reserve.
  2858 | D:4      | Reached skill level 5 in Axes
  2923 | D:4      | Reached XP level 7. HP: 52/61 MP: 7/7
  2948 | D:4      | Noticed Robin
  3026 | D:4      | Killed Robin
  3116 | D:5      | Entered Level 5 of the Dungeon
  3223 | D:5      | Reached skill level 1 in Stealth
  3242 | D:5      | Reached skill level 5 in Armour
  3242 | D:5      | Reached skill level 1 in Evocations
  3448 | D:5      | HP: 1/61 [gnoll/spear (8)]
  3448 | D:5      | Mangled by a gnoll

Skill      XL: |  1  2  3  4  5  6  7 |
---------------+----------------------+-----
Axes           | 3 4 5 |  5.3
Dodging        | 1 2 |  2.0
Fighting       | 4 5 |  5.6
Armour         | 4 5 |  5.1
Throwing       | 1 |  1.0
Shields        | 4 |  4.6
Stealth        | 1 |  1.0
Evocations     | 1 |  1.1

Action                   |  1- 3 |  4- 6 |  7- 9 || total
-------------------------+-------+-------+-------++-------
Melee: War axe           |   140 |   155 |    97 ||   392
Throw: Tomahawk          |       |       |     1 ||     1
  Use: Scroll            |     6 |     2 |       ||     8
       Potion            |     3 |     8 |     1 ||    12
 Stab: Sleeping          |       |       |     1 ||     1
  Eat: Chunk             |     2 |     3 |     1 ||     6
       Pizza             |       |     1 |       ||     1
       Beef jerky        |       |       |     1 ||     1
Armor: Scale mail        |    54 |    69 |     8 ||   131
       Animal skin       |       |       |    21 ||    21
Dodge: Dodged            |    41 |    52 |    28 ||   121
Block: Shield            |    62 |    94 |    41 ||   197
